 Dungeon Crawl Stone Soup version 0.27.1 (webtiles) character file.

Game seed: 11131272956262916981

632 chaosape the Skirmisher (level 7, -2/60 HPs)
             Began as a Gnoll Wanderer on Aug 28, 2021.
             Was a Priest of Lugonu.
             Slain by an iguana (15 damage)
             ... on level 5 of the Dungeon.
             The game lasted 00:26:14 (5693 turns).

chaosape the Skirmisher (Gnoll Wanderer)            Turns: 5693, Time: 00:26:14

Health: -2/60      AC:  9    Str: 14    XL:     7   Next: 49%
Magic:  10/10      EV:  6    Int: 12    God:    Lugonu [***...]
Gold:   225        SH:  0    Dex: 10    Spells: 11/11 levels left

rFire    . . .     SeeInvis +   t - +1 dagger (speed)
rCold    . . .     Faith    .   (no shield)
rNeg     . . .     Spirit   .   D - +0 chain mail
rPois    .         Reflect  .   (no helmet)
rElec    .         Harm     .   (no cloak)
rCorr    .         Rampage  .   (no gloves)
Will     +....                  (no boots)
Stlth    ..........             (no amulet)
HPRegen  0.20/turn              s - ring of willpower
MPRegen  0.12/turn              w - ring of see invisible

@: no status effects
A: fangs 1, strong nose, distributed training
a: Renounce Religion, Depart the Abyss, Bend Space, Banish


You were on level 5 of the Dungeon.
You worshipped Lugonu.
Lugonu was most pleased with you.
You visited 1 branch of the dungeon, and saw 5 of its levels.

You collected 225 gold pieces.

Inventory:

Hand Weapons
 a - a +2 falchion
 h - a +0 mace
 l - a +0 spear
 o - a +0 hunting sling
 t - a +1 dagger of speed (weapon)
 v - a +0 morningstar
 C - a +0 scythe
 E - a +2 quarterstaff of chaos
 F - a +0 mace
Missiles
 e - 97 arrows
 f - 199 stones
 u - 38 bolts
 y - 14 poisoned darts
Armour
 c - a +0 leather armour
 d - a +0 robe
 q - a +2 robe of fire resistance
 x - a +0 ring mail
 D - a +0 chain mail (worn)
Jewellery
 i - a ring of resist corrosion
 s - a ring of willpower (left hand)
 w - a ring of see invisible (right hand)
Wands
 A - a wand of acid (5)
 B - a wand of polymorph (3)
Scrolls
 b - 3 scrolls of teleportation
 g - a scroll of blinking {unknown}
 k - 2 scrolls of enchant weapon {unknown}
 m - 2 scrolls of magic mapping {unknown}
 n - 3 scrolls of identify {unknown}
 r - a scroll of holy word {unknown}
Potions
 j - 2 potions of cancellation {unknown}
 p - a potion of haste {unknown}
 z - a potion of mutation {unknown}


   Skills:
 + Level 7.0 Fighting
 + Level 2.5 Short Blades
 + Level 5.2 Long Blades
 + Level 5.2 Axes
 + Level 2.5 Maces & Flails
 + Level 2.5 Polearms
 + Level 2.5 Staves
 + Level 2.5 Slings
 + Level 2.5 Bows
 + Level 2.5 Crossbows
 + Level 3.6 Throwing
 + Level 3.6 Armour
 + Level 2.5 Dodging
 + Level 3.5 Stealth
 + Level 2.5 Shields
 + Level 2.5 Unarmed Combat
 + Level 2.5 Spellcasting
 + Level 2.0 Conjurations
 + Level 2.0 Hexes
 + Level 2.0 Summonings
 + Level 2.0 Necromancy
 + Level 2.0 Translocations
 + Level 2.0 Transmutations
 + Level 2.0 Fire Magic
 + Level 2.0 Ice Magic
 + Level 2.0 Air Magic
 + Level 2.0 Earth Magic
 + Level 2.0 Poison Magic
 + Level 2.8 Invocations
 + Level 2.5 Evocations


You had 11 spell levels left.
You didn't know any spells.
Your spell library contained the following spells:

 Spells                   Type           Power      Damage    Failure   Level
 Magic Dart               Conj           24%        1d4       95%         1
 Call Imp                 Summ           6%         N/A       98%         2
 Slow                     Hex            6%         N/A       98%         2
 Confusing Touch          Hex            6%         N/A       100%        3
 Conjure Flame            Conj/Fire      6%         6-21      100%        3
 Dazzling Flash           Conj/Hex       12%        N/A       100%        3
 Ignite Poison            Fire/Tmut/Pois 6%         N/A       100%        3
 Mephitic Cloud           Conj/Pois/Air  6%         N/A       100%        3
 Vampiric Draining        Necr           3%         2d6       100%        3
 Sticky Flame             Conj/Fire      6%         2d3       100%        4
 Agony                    Necr           6%         N/A       100%        5
 Silence                  Hex/Air        3%         N/A       100%        5


Dungeon Overview and Level Annotations

Branches:
Dungeon (5/15)
 Temple: D:4-7

Altars:
Okawaru
Lugonu


Innate Abilities, Weirdness & Mutations

You have very sharp teeth.
Your uncanny sense of smell can sniff out nearby items.
Your experience applies equally to all skills.


Message History

You are no longer poisoned.
u - 38 bolts (gained 21)
There are no items here.
You start resting.
HP restored.
You see here an adder corpse.
An iguana comes into view.
The iguana hisses angrily.
The iguana bites you!
You hit the iguana but do no damage.
The iguana seems to grow stronger.
The iguana barely misses you. The iguana bites you.
Your hands tingle!
t - a +1 dagger of speed (weapon)
You barely miss the iguana. The iguana barely misses you.
You hit the iguana.
The iguana is lightly wounded.
You hit the iguana but do no damage. Your bite misses the iguana.
The iguana is lightly wounded.
The iguana bites you!
You hit the iguana but do no damage.
The iguana is lightly wounded.
You barely miss the iguana.
The iguana is lightly wounded.
The iguana bites you!!
* * * LOW HITPOINT WARNING * * *
Okay, then.
Space bends around you!
You blink.
Unknown command.
Okay, then.
Press: ? - help, Shift-Dir - straight line, f - iguana
Aim: an iguana (lightly wounded, strong, chance to affect: 87%)
You fail to use your ability.
You see here an adder corpse.
Unknown command.
Press: ? - help, Shift-Dir - straight line, f/p - iguana
Aim: an iguana (lightly wounded, strong, chance to affect: 87%)
You fail to use your ability.
There is a stone staircase leading up here.
The iguana bites you!
You die...

###
#@#
#l#
#.#
#.#
#.#
#.#
#.#.#
#†#.#
#.#.#


You could see an iguana (strong).

Vanquished Creatures
  Sigmund (D:4)
  A phantom (D:3)
  Crazy Yiuf (D:4)
  Jessica (D:3)
  A hound skeleton (D:4)
  4 gnolls
  7 adders
  3 worms
  2 dart slugs
  8 orcs
  8 endoplasms
  5 giant cockroaches
  9 goblins
  13 hobgoblins
  4 jackals
  4 quokkas
  8 ball pythons
  6 bats
  2 frilled lizards
  7 kobolds
95 creatures vanquished.

Notes
Turn   | Place    | Note
-------+----------+-------------------------------------------
     0 | D:1      | chaosape the Gnoll Wanderer began the quest for the Orb.
     0 | D:1      | chaosape set off with the following items: a +2 falchion, a
                  | scroll of teleportation, a potion of curing, a +0 robe
     0 | D:1      | Reached XP level 1. HP: 23/23 MP: 1/1
   299 | D:1      | Reached XP level 2. HP: 16/29 MP: 2/2
   766 | D:1      | Found a faded altar of an unknown god.
   780 | D:1      | Reached XP level 3. HP: 19/35 MP: 3/3
   782 | D:1      | Became a worshipper of Lugonu the Unformed
   782 | D:1      | Reached * piety under Lugonu
   782 | D:1      | Reached ** piety under Lugonu
  1357 | D:2      | Reached skill level 1 in Invocations
  1442 | D:2      | Reached skill level 1 in Short Blades
  1442 | D:2      | Reached skill level 1 in Maces & Flails
  1442 | D:2      | Reached skill level 1 in Polearms
  1442 | D:2      | Reached skill level 1 in Staves
  1442 | D:2      | Reached skill level 1 in Slings
  1442 | D:2      | Reached skill level 1 in Bows
  1442 | D:2      | Reached skill level 1 in Crossbows
  1442 | D:2      | Reached skill level 1 in Dodging
  1442 | D:2      | Reached skill level 1 in Shields
  1442 | D:2      | Reached skill level 1 in Unarmed Combat
  1442 | D:2      | Reached skill level 1 in Spellcasting
  1442 | D:2      | Reached skill level 1 in Evocations
  1682 | D:2      | Reached XP level 4. HP: 41/41 MP: 5/5
  1988 | D:2      | Reached skill level 1 in Conjurations
  1988 | D:2      | Reached skill level 1 in Hexes
  1988 | D:2      | Reached skill level 1 in Summonings
  1988 | D:2      | Reached skill level 1 in Necromancy
  1988 | D:2      | Reached skill level 1 in Translocations
  1988 | D:2      | Reached skill level 1 in Transmutations
  1988 | D:2      | Reached skill level 1 in Fire Magic
  1988 | D:2      | Reached skill level 1 in Ice Magic
  1988 | D:2      | Reached skill level 1 in Air Magic
  1988 | D:2      | Reached skill level 1 in Earth Magic
  1988 | D:2      | Reached skill level 1 in Poison Magic
  2133 | D:2      | Reached *** piety under Lugonu
  2367 | D:2      | Reached XP level 5. HP: 11/47 MP: 6/6
  3120 | D:3      | Noticed Jessica
  3129 | D:3      | Killed Jessica
  3209 | D:3      | Noticed a phantom
  3220 | D:3      | Killed a phantom
  3221 | D:3      | Reached XP level 6. HP: 32/53 MP: 8/8
  4046 | D:4      | Noticed Sigmund
  4175 | D:4      | Noticed a water moccasin
  4176 | D:4      | Banished a water moccasin
  4177 | D:4      | Reached skill level 5 in Long Blades
  4177 | D:4      | Reached skill level 5 in Axes
  4285 | D:4      | Found an iron altar of Okawaru.
  4806 | D:4      | Killed Sigmund
  4807 | D:4      | Reached skill level 7 in Fighting
  4807 | D:4      | Reached XP level 7. HP: 55/60 MP: 10/10
  5115 | D:4      | Found a runed translucent door.
  5116 | D:4      | Noticed Crazy Yiuf
  5526 | D:4      | Killed Crazy Yiuf
  5589 | D:5      | Entered Level 5 of the Dungeon
  5693 | D:5      | Slain by an iguana

Illustrated notes

Levels and vault maps discovered:
D:1:      lightli_molten_gateway, layout_basic,
          shapermc_ecumenical_altar_mp_highgroup
D:2:      layout_rooms, kennysheep_generic_room_15
D:3:      layout_basic, uniq_jessica
D:4:      layout_layer_cave, mainiacjoe_overflow_24_doors, uniq_sigmund,
          uniq_crazy_yiuf_cottage
D:5:      layout_basic

Skill      XL: |  1  2  3  4  5  6 |
---------------+-------------------+-----
Invocations    | 1 2 |  2.8
Short Blades   | 1 2 |  2.5
Maces & Flails | 1 2 |  2.5
Polearms       | 1 2 |  2.5
Staves         | 1 2 |  2.5
Slings         | 1 2 |  2.5
Bows           | 1 2 |  2.5
Crossbows      | 1 2 |  2.5
Dodging        | 1 2 |  2.5
Shields        | 1 2 |  2.5
Unarmed Combat | 1 2 |  2.5
Spellcasting   | 1 2 |  2.5
Evocations     | 1 2 |  2.5
Conjurations   | 1 2 |  2.0
Hexes          | 1 2 |  2.0
Summonings     | 1 2 |  2.0
Necromancy     | 1 2 |  2.0
Translocations | 1 2 |  2.0
Transmutations | 1 2 |  2.0
Fire Magic     | 1 2 |  2.0
Ice Magic      | 1 2 |  2.0
Air Magic      | 1 2 |  2.0
Earth Magic    | 1 2 |  2.0
Poison Magic   | 1 2 |  2.0
Throwing       | 3 |  3.6
Armour         | 3 |  3.6
Stealth        | 3 |  3.5
Long Blades    | 5 |  5.2
Axes           | 5 |  5.2
Fighting       | 7 |  7.0

Action                   |  1- 3 |  4- 6 |  7- 9 || total
-------------------------+-------+-------+-------++-------
Melee: Falchion          |    82 |   144 |     1 ||   227
       Bite              |     7 |    11 |     1 ||    19
       Quarterstaff      |       |       |    11 ||    11
       Dagger            |       |       |     5 ||     5
Throw: Stone             |       |     1 |       ||     1
       Dart              |       |     3 |       ||     3
Invok: Banish            |       |     1 |       ||     1
       Bend Space        |       |       |     1 ||     1
Evoke: Wand              |       |     3 |     1 ||     4
  Use: Potion            |     1 |     1 |       ||     2
       Scroll            |     1 |       |       ||     1
 Stab: Sleeping          |     3 |     7 |       ||    10
Armor: Robe              |    24 |    11 |       ||    35
       Leather armour    |       |     9 |       ||     9
       Ring mail         |       |     7 |       ||     7
       Chain mail        |       |       |     6 ||     6
Dodge: Dodged            |    58 |   102 |     7 ||   167
       Rpst.: Falchion   |    22 |    40 |     1 ||    63
